 Dungeon Crawl Stone Soup version 0.31-a0-983-g7b6862f502 (webtiles) character file.

Game seed: 18264739888913571587

14 avis the Changeling (level 2, 13/13 HPs)
             Began as a Felid Shapeshifter on Nov 2, 2023.
             Got out of the dungeon alive.
             The game lasted 00:03:23 (320 turns).

avis the Changeling (Felid Shapeshifter)             Turns: 320, Time: 00:03:23

Health: 13/13      AC:  1    Str: 10    XL:     2   Next: 27%
Magic:  3/3        EV: 17    Int: 11    God:
Gold:   5          SH:  0    Dex: 15    Spells: 1/1 levels left
                                        Lives:  0   Deaths: 1

rFire   . .          .
                       - Unarmed
rCold   . . .        (shield unavailable)
rNeg    . . .        (body armour unavailable)
rPois   .            (helmet unavailable)
rElec   .            (cloak unavailable)
rCorr   .            (gloves unavailable)
SInv    +            (boots unavailable)
Will    .....        (no amulet)
Stlth   +            (no ring)
HPRegen 0.22/turn    (no ring)
MPRegen 0.08/turn

%: no passive effects
@: beast-form, quick
A: beast (slay +2), very small, claws 1, fangs 3, see invisible, speed 1, shaggy
fur 1, stealthy paws, no weapons or thrown items, no armour, multi-lived
a: Begin Untransformation


You escaped.
You were a hulking beast.
You visited 1 branch of the dungeon, and saw 1 of its levels.

You collected 5 gold pieces.

Inventory:

Talismans
 b - a beast talisman
 f - a flux talisman
 s - a serpent talisman
Scrolls
 c - a scroll of teleportation {unknown}
 d - 3 scrolls of identify {unknown}
Potions
 a - a potion of lignification
 e - a potion of enlightenment {unknown}


   Skills:
 * Level 1.8 Fighting
 - Level 3.0 Dodging
 - Level 3.0 Unarmed Combat
 - Level 3.5 Shapeshifting


You had one spell level left.
You didn't know any spells.
Your spell library contained the following spells:

 Spells                   Type           Power      Damage    Failure   Level
 Summon Guardian Golem    Hex/Summ       0%         N/A       71%         3
 Orb of Destruction       Conj           0%         9d5       100%        7
 Spellforged Servitor     Conj/Summ      0%         N/A       100%        7


Dungeon Overview and Level Annotations

Branches:
Dungeon (1/15)

Altars:


Innate Abilities, Weirdness & Mutations

You are a hulking beast.
Your limbs bulge with bestial killing power. (Slay +2)
You have sharp claws.
You have razor-sharp teeth.
You have supernaturally acute eyesight. (SInv)
You cover ground quickly. (Speed+)
You are covered in fur. (AC +1)
Your paws help you pounce on unaware monsters.
You are incapable of wielding weapons or throwing items.
You cannot wear armour.
You gain extra lives every three experience levels.


Message History

You barely miss the rat. Your bite misses the rat.
The rat completely misses you.
You claw the rat!
You kill the rat!
You see here a rat corpse.
You start resting.
HP restored.
You see here a rat corpse.
Found a stone staircase leading down.
Found a hand axe.
Found a hand axe.
You completely miss the gnoll.
The gnoll is lightly wounded.
The gnoll hits you with a +0 whip.
You closely miss the gnoll.
The gnoll is lightly wounded.
The gnoll hits you with a +0 whip!
Ouch! That really hurt!
You die...
Your shape twists and changes as you die.
You rejoin the land of the living...
A rat comes into view.
A jackal comes into view.
Found 2 scrolls labelled WEUREA VARI.
You barely miss the rat. Your bite misses the rat. The rat misses you.
You barely miss the rat. The rat bites you but does no damage.
You claw the rat!
You kill the rat!
A kobold comes into view. It is wielding a +0 dagger.
The kobold shouts!
You scratch the kobold.
You kill the kobold!
Things that are here:
a +0 dagger; a kobold corpse
Found a scroll labelled DINOWI KOIRYKEU.
d - 3 scrolls labelled DINOWI KOIRYKEU (gained 1)
Found a sling.
There is a staircase leading out of the dungeon here.
You can't go down here!
You have escaped!

####### #.....#
######### #.....#
##.......## #.....#
##....[....#####.....#
##.....8.....##.......#
....8..8..8.....###.###
#...........#### #.#
##....h....## #.#
##.......## #.###
########### ##...#
#.#.##.# ##.#..# ###
#.#.##.####.###.## ...
####.#..........#....
..#
#......##.######.####
#.# ##.##.#.##.# #.#
#####.#.####...#......#
#.#


There were no monsters in sight!

Vanquished Creatures
  2 ball pythons (D:1)
  2 endoplasms (D:1)
  A giant cockroach (D:1)
  A quokka (D:1)
  3 bats (D:1)
  2 kobolds (D:1)
  3 rats (D:1)
14 creatures vanquished.

Notes
Turn   | Place    | Note
-------+----------+-------------------------------------------
     0 | D:1      | avis the Felid Shapeshifter began the quest for the Orb.
     0 | D:1      | Reached XP level 1. HP: 9/9 MP: 2/2
   116 | D:1      | Reached XP level 2. HP: 11/12 MP: 3/3
   255 | D:1      | Slain by a gnoll
   320 | D:$      | Got out of the dungeon alive.

Illustrated notes

Levels and vault maps discovered:
D:1:      dreamdust_arrival_beginning_and_end, layout_loops_cross,
          minmay_stone_trees_small

Skill      XL: |  1 |
---------------+----+-----
Dodging        | 3 |  3.0
Fighting       | |  1.8
Unarmed Combat | |  3.0
Shapeshifting  | |  3.5

Action                     || total
---------------------------++-------
  Melee: Unarmed           ||    35
         Punch             ||     1
         Bite              ||     1
   Stab: Sleeping          ||     1
 Armour: Skin              ||     8
  Dodge: Dodged            ||    20

Table legend: (Time is in decaauts)
 A = Elapsed time spent in this place.
 B = Non-inter-level travel time spent in this place.
 C = Inter-level travel time spent in this place.
 D = Time resting spent in this place.
 E = Time spent auto-exploring this place.
 F = Levels seen in this place.
 G = Mean time per level.
                   A        B        C        D        E       F      G
               +--------+--------+--------+--------+--------+-----+--------+
         Total |    264 |    264 |      0 |      2 |     67 |   1 |  264.0 |
       Dungeon |    264 |    264 |      0 |      2 |     67 |   1 |  264.0 |
               +--------+--------+--------+--------+--------+-----+--------+

Top non-repeatable levels by time:
     D:1: 264 daAuts
